AoeStats
← xxSle3py

Black Forest

509798436Analyzed
4v4 RM · 4d ago on Sep 28, 2026· 50m 4s· 8 players
Game mode
Random Map
Map size
Large (8 player)
Population
200
Speed
Normal
Resources
Standard
Victory
Conquest
Starting age
Dark Age
Ending age
Imperial Age
RankedLock teamsTeams togetherTeam positionsShared explorationLock speedFull tech treeHidden civsTurbo modeCheats
Victory
Defeat
🇵🇪 Slavs · Peru
1223
+12
🇵🇪 Saxons · Peru
1194
+13
🇵🇪 Malians · Peru
1183
+14
🇵🇪 Hindustanis · Peru
1135
+16
🇺🇸 Bohemians · United States
1200
-16
🇦🇷 Koreans · Argentina
1130
-14
🇺🇸 Danes · United States
1104
-13
1098
-12
xxSle3py
11:35 Feudal Age
13:18 Loom
15:33 Castle Age
14:24 Double-Bit Axe
14:22 Man-at-Arms
15:14 Horse Collar
17:21 Scale Mail Armor
17:32 Forging
19:07 Arson
22:05 Long Swordsman
24:25 Chain Mail Armor
25:07 Wheelbarrow
24:50 Arson
25:51 Iron Casting
26:04 Squires
25:50 Gambesons
26:46 Hand Cart
26:17 Loom
26:54 Bow Saw
28:23 Heavy Plow
29:11 Fletching
35:00 Elite Skirmisher
37:35 Gold Mining
37:35 Stone Mining
38:05 Thumb Ring
38:00 Bodkin Arrow
38:05 Padded Archer Armor
39:34 Gold Shaft Mining
42:18 Imperial Age
40:57 Ballistics
40:47 Masonry
40:55 Leather Archer Armor
42:10 Town Watch
43:05 Stone Shaft Mining
42:29 Two-Handed Swordsman
44:18 Chemistry
43:23 Siege Engineers
43:22 Bracer
44:24 Blast Furnace
43:55 Plate Mail Armor
43:58 Champion
46:43 Conscription
45:45 Hamask
46:47 Conscription
youtube.com/@Murkwilect
1:56 Loom
Faelian the Unsuccessful
7:23 Loom
10:22 Feudal Age
16:06 Castle Age
19:35 Chemistry
30:47 Padded Archer Armor
31:24 Double-Bit Axe
31:22 Horse Collar
33:07 Wheelbarrow
33:06 Leather Archer Armor
34:57 Bow Saw
34:48 Heavy Plow
38:22 Hand Cart
37:52 Town Watch
39:07 Ballistics
38:52 Elite Skirmisher
43:56 Fletching
46:50 Imperial Age
44:18 Pikeman
45:03 Scale Mail Armor
46:15 Chain Mail Armor
46:10 Forging
45:56 Bodkin Arrow
Concensus
8:18 Loom
10:44 Feudal Age
15:27 Castle Age
13:50 Double-Bit Axe
15:03 Horse Collar
22:14 Town Watch
23:57 Stone Mining
23:58 Gold Mining
25:09 Wheelbarrow
25:19 Bow Saw
26:55 Fletching
28:23 Bodkin Arrow
31:49 Imperial Age
29:42 Eupseong
30:16 Scale Mail Armor
30:48 Hand Cart
32:24 Thumb Ring
32:55 Ballistics
33:36 Chemistry
34:16 Two-Man Saw
33:30 Treadmill Crane
34:50 Bracer
35:23 Masonry
36:26 Conscription
36:28 Elite War Wagon
37:30 Squires
36:52 Elite Fire Lancer
37:53 Scale Barding Armor
38:05 Chain Mail Armor
38:24 Architecture
39:27 Plate Mail Armor
40:03 Murder Holes
44:18 Forging
Chi Jau Kay
0:47 Loom
12:04 Feudal Age
18:09 Castle Age
18:46 Double-Bit Axe
22:23 Bow Saw
24:05 Wheelbarrow
26:06 Grand Trunk Road
30:49 Imperial Age
28:16 Horse Collar
28:28 Gold Mining
28:54 Forging
30:19 Hand Cart
30:49 Iron Casting
30:20 Scale Barding Armor
31:08 Gold Shaft Mining
30:54 Heavy Plow
31:49 Bloodlines
31:40 Husbandry
31:46 Heavy Camel Rider
34:24 Masonry
36:26 Fortified Wall
38:10 Chain Barding Armor
39:07 Blast Furnace
38:46 Conscription
39:35 Light Cavalry
44:34 Two-Man Saw
43:28 Imperial Camel Rider
44:25 Town Watch
45:17 Plate Barding Armor
45:30 Hussar
47:21 Chemistry
lgp1991
14:07 Feudal Age
12:23 Loom
17:12 Forging
17:10 Double-Bit Axe
17:09 Horse Collar
22:05 Scale Barding Armor
26:10 Fletching
28:35 Castle Age
28:44 Bloodlines
28:30 Gold Mining
29:01 Crossbowman
29:47 Thumb Ring
31:29 Bodkin Arrow
31:34 Padded Archer Armor
33:14 Wheelbarrow
35:13 Ballistics
36:09 Fortified Wall
36:54 Town Watch
39:43 Imperial Age
38:59 Iron Casting
40:13 Arbalester
40:56 Cavalier
41:37 Husbandry
42:43 Leather Archer Armor
42:49 Chain Barding Armor
44:41 Hand Cart
47:10 Plate Barding Armor
49:55 Chemistry
50:04 Bow Saw
Mine Grote
11:25 Feudal Age
13:15 Loom
17:34 Castle Age
15:40 Double-Bit Axe
18:18 Wheelbarrow
18:34 Gold Mining
18:35 Horse Collar
19:06 Man-at-Arms
24:27 Scale Mail Armor
24:10 Long Swordsman
25:10 Heavy Plow
26:04 Forging
26:45 Chain Mail Armor
27:15 Bow Saw
27:43 Gold Mining
28:43 Squires
29:33 Iron Casting
30:54 Gold Shaft Mining
34:35 Imperial Age
32:32 Stone Mining
34:15 Pikeman
35:05 Scale Barding Armor
35:18 Hand Cart
35:50 Masonry
36:42 Blast Furnace
35:36 Town Watch
35:53 Caravan
36:26 Crop Rotation
36:59 Two-Man Saw
35:32 Two-Handed Swordsman
35:33 Halberdier
37:06 Conscription
36:47 Druzhina
38:05 Plate Mail Armor
38:26 Chain Barding Armor
38:24 Onager
40:02 Fletching
40:50 Plate Barding Armor
39:35 Champion
41:47 Chemistry
41:30 Detinets
43:23 Capped Ram
44:45 Siege Ram
48:39 Siege Onager
49:56 Siege Engineers
dime
1:40 Loom
19:24 Feudal Age
23:46 Castle Age
27:00 Town Watch
36:28 Fletching
36:53 Town Watch
37:46 Wheelbarrow
38:37 Bodkin Arrow
39:40 Forging
39:29 Double-Bit Axe
41:48 Murder Holes
Connection lost

Rejoining the realm…

Still unreachable

The connection could not be restored.

Session expired

The server has moved on; the page needs a fresh start.